 Dungeon Crawl Stone Soup version 0.23.0 (webtiles) character file.

Game seed: 6211137146239900767

118 kaze the Chopper (level 5, -3/47 HPs)
             Began as a Hill Orc Berserker on Feb 11, 2019.
             Was a Priest of Trog.
             Slain by a goblin
             ... wielding a +0 dagger of electrocution
              (17 damage)
             ... on level 3 of the Dungeon.
             The game lasted 00:03:58 (1658 turns).

kaze the Chopper (Hill Orc Berserker)               Turns: 1658, Time: 00:03:58

Health: -3/47      AC:  9    Str: 21    XL:     5   Next: 2%
Magic:  5/5        EV: 10    Int:  7    God:    Trog [***...]
Gold:   77         SH:  2    Dex: 10    Spells: 4/4 levels left

rFire    . . .     SeeInvis .   g - +1 war axe
rCold    . . .     Gourm    .   (no shield)
rNeg     . . .     Faith    .   e - +0 scale mail
rPois    .         Spirit   .   i - +0 helmet
rElec    .         Reflect  +   l - +0 cloak
rCorr    .         Harm     .   (no gloves)
MR       .....                  (no boots)
Stlth    ..........             a - +2 amulet of reflection
HPRegen  0.15/turn              (no ring)
MPRegen  0.09/turn              (no ring)

@: no status effects
A: no striking features
a: Berserk, Trog's Hand, Renounce Religion


You were on level 3 of the Dungeon.
You worshipped Trog.
Trog was most pleased with you.
You were hungry.

You visited 1 branch of the dungeon, and saw 3 of its levels.

You collected 77 gold pieces.

Inventory:

Hand Weapons
 g - a +1 war axe (weapon)
Armour
 e - a +0 scale mail (worn)
 i - a +0 helmet (worn)
 l - a +0 cloak (worn)
Jewellery
 a - a +2 amulet of reflection (around neck)
 f - an uncursed ring of magical power {unknown}
 j - an uncursed ring of see invisible {unknown}
 n - an uncursed amulet of the gourmand {unknown}
Scrolls
 h - 2 scrolls of remove curse
Potions
 d - a potion of flight {unknown}
 k - 2 potions of curing {unknown}
Comestibles
 b - a chunk of flesh
 c - 7 rations


   Skills:
 + Level 4.3 Fighting
 + Level 5.9 Axes
 + Level 3.0 Armour
 + Level 2.0 Dodging
 + Level 0.1 Stealth


You had 4 spell levels left.
You didn't know any spells.
Your spell library was empty.

Dungeon Overview and Level Annotations

Branches:
Dungeon (3/15)

Altars:


Message History

The goblin hits you with a +0 dagger of electrocution.
You barely miss the bat.
The bat is heavily wounded.
You closely miss the goblin. The bat completely misses you.
The goblin hits you but does no damage.
You are electrocuted!
You are too injured to fight recklessly!
You are too injured to fight recklessly!
You are too injured to fight recklessly!
You are too injured to fight recklessly!
You are too injured to fight recklessly!
There are monsters nearby!
You are too injured to fight recklessly!
Unknown command.
You barely miss the goblin. The bat hits you but does no damage. x2
The goblin barely misses you.
You closely miss the goblin. You miss the bat. The bat hits you.
The goblin hits you with a +0 dagger of electrocution.
* * * LOW HITPOINT WARNING * * *
The goblin hits you but does no damage.
You are electrocuted!
You die...

####### .......
....... .......
. ....... ..
##....... #.
##g.......
..###
#.##@b.......
......
#.#..#.......
#<
#...##>......
## ####..#
....... #.....#
####### #.###)#
.. #.#########
..
#.........####
.
#########....##


You could see a goblin and a bat.

Vanquished Creatures
  5 adders
  An ooze (D:3)
  3 dart slugs
  2 ball pythons (D:1)
  3 goblins
  10 hobgoblins
  8 jackals
  2 quokkas
  7 bats
  A frilled lizard (D:1)
  10 kobolds
  9 rats
61 creatures vanquished.

Notes
Turn   | Place    | Note
-------+----------+-------------------------------------------
     0 | D:1      | kaze the Hill Orc Berserker began the quest for the Orb.
     0 | D:1      | Reached XP level 1. HP: 19/19 MP: 1/1
   112 | D:1      | Reached XP level 2. HP: 13/27 MP: 2/2
   424 | D:1      | Reached XP level 3. HP: 33/33 MP: 3/3
   424 | D:1      | Reached ** piety under Trog
   856 | D:2      | Reached skill level 5 in Axes
   921 | D:2      | Reached XP level 4. HP: 12/40 MP: 4/4
  1494 | D:2      | Found a faded altar of an unknown god.
  1633 | D:3      | Reached *** piety under Trog
  1633 | D:3      | Reached XP level 5. HP: 46/47 MP: 5/5
  1658 | D:3      | Slain by a goblin

Skill      XL: |  1  2  3  4  5 |
---------------+----------------+-----
Fighting       | 4 |  4.3
Axes           | 5 |  5.9
Dodging        | 2 |  2.0
Armour         | 3 |  3.0
Stealth        | |  0.1

Action                   |  1- 3 |  4- 6 || total
-------------------------+-------+-------++-------
Melee: Hand axe          |    90 |       ||    90
       War axe           |    13 |    55 ||    68
Invok: Berserk           |     1 |       ||     1
  Use: Scroll            |     2 |     5 ||     7
  Eat: Chunk             |       |     3 ||     3
Armor: Animal skin       |     2 |       ||     2
       Scale mail        |    58 |    29 ||    87
Dodge: Dodged            |    93 |    27 ||   120
Block: Other             |       |     2 ||     2
